 Dungeon Crawl Stone Soup version 0.31.0-9-g3a7656b989 (webtiles) character file.

Game seed: 11058143736869124926

196 qw the Skirmisher (level 5, -2/29 HPs)
             Began as a Deep Elf Hunter on Feb 2, 2024.
             Succumbed to a scorpion's poison
             ... on level 4 of the Dungeon.
             The game lasted 00:00:12 (2885 turns).

qw the Skirmisher (Deep Elf Hunter)                 Turns: 2885, Time: 00:00:12

Health: -2/29      AC:  7    Str: 10    XL:     5   Next: 45%
Magic:  7/7        EV: 11    Int: 14    God:
Gold:   142        SH:  0    Dex: 18    Spells: 4/4 levels left

rFire   . . .        a - +0 shortbow
rCold   . . .        (shield currently unavailable)
rNeg    . . .        j - +1 ring mail
rPois   .            b - +0 helmet
rElec   .            (no cloak)
rCorr   .            (no gloves)
SInv    .            (no boots)
Will    .....        (no amulet)
Stlth   +            (no ring)
HPRegen 0.24/turn    (no ring)
MPRegen 0.10/turn

%: no passive effects
@: lethally poisoned (-2 -> -27), about to teleport
A: no striking features
a: no special abilities


You were on level 4 of the Dungeon.
You visited 2 branches of the dungeon, and saw 5 of its levels.

You collected 142 gold pieces.


   Skills:
 + Level 1.6 Fighting
 - Level 9.0 Ranged Weapons
 - Level 2.4 Dodging
 - Level 1.2 Stealth


You had 4 spell levels left.
You didn't know any spells.
Your spell library was empty.

Inventory:

Hand Weapons
 a - a +0 shortbow (weapon)
Armour
 b - a +0 helmet (worn)
 e - a +0 pair of boots
 j - a +1 ring mail (worn)
Wands
 c - a wand of charming (5)
Scrolls
 i - a scroll of enchant weapon {unknown}
 k - a scroll of poison {unknown}
 l - a scroll of teleportation
Potions
 d - a potion of mutation
 f - a potion of haste
 g - 2 potions of enlightenment
 h - a potion of heal wounds

Dungeon Overview and Level Annotations

Branches:
Dungeon (4/15)             Temple (1/1) D:4

Altars:
Cheibriados
Elyvilon
Fedhas
Gozag
Hepliaklqana
Kikubaaqudgha
Makhleb
Nemelex Xobeh
Qazlal
Sif Muna
Uskayaw
Wu Jian
Xom
Yredelemnul
Zin


Message History

The arrow completely misses the scorpion.
The scorpion stings you.
You shoot an arrow. The arrow barely misses the scorpion.
The scorpion barely misses you.
You shoot an arrow. The arrow closely misses the scorpion.
The scorpion stings you but does no damage.
The scorpion barely misses you.
You shoot an arrow. The arrow closely misses the scorpion.
The scorpion stings you but does no damage.
You shoot an arrow. The arrow closely misses the scorpion.
The scorpion stings you.
You are poisoned.
The scorpion poisons you!
You shoot an arrow. The arrow hits the scorpion.
The scorpion is lightly wounded.
You feel sick.
The scorpion stings you but does no damage.
The scorpion stings you.
You are more poisoned.
The scorpion poisons you!
You shoot an arrow. The arrow hits the scorpion.
The scorpion is lightly wounded.
You feel very sick. The scorpion closely misses you.
You shoot an arrow. The arrow hits the scorpion.
The scorpion is heavily wounded.
You feel very sick.
The scorpion stings you but does no damage.
You shoot an arrow.
The arrow hits the scorpion but does no damage.
The scorpion is heavily wounded.
You feel sick. The scorpion stings you.
You are more poisoned.
The scorpion poisons you! The scorpion stings you.
You are more poisoned.
The scorpion poisons you!
2885 ||| READING 2 scrolls of teleportation.
As you read the scroll of teleportation, it crumbles to dust.
You feel strangely unstable.
You die...

# ## # +##+ ..# # #..#
#.# # #+###+#..# #.#
## #.....#..# #.# #.
+.._..+.%+ #.# #.
#...s.#..# #.####.
#+###@#..# #......
#.....#..#### #.##.#.
+##+##'##'..####.##.#.
#.....##.##......#.
#.....##.##.###....
+##+###.....# #....
#####.###...#
#......## ##........


You could see a scorpion.

Vanquished Creatures
  An iguana (D:4)
  Ijyb (D:4)
  Terence (D:3)
  4 adders
  A dart slug (D:2)
  A ribbon worm (D:2)
  7 ball pythons
  5 bats
  10 endoplasms
  A giant cockroach (D:4)
  10 goblins
  12 hobgoblins
  4 jackals
  4 quokkas
  4 frilled lizards
  7 kobolds
  2 rats
75 creatures vanquished.

Notes
Turn   | Place    | Note
-------+----------+-------------------------------------------
     0 | D:1      | qw the Deep Elf Hunter began the quest for the Orb.
     0 | D:1      | Reached XP level 1. HP: 12/12 MP: 3/3
     0 | D:1      | 0 ||| qw: Version: 0.3-a-155-g5e7d8dd
     0 | D:1      | 0 ||| qw: Game counter: 2071
     0 | D:1      | 0 ||| qw: Melee chars always use a shield: true
     0 | D:1      | 0 ||| qw: God list: Okawaru
     0 | D:1      | 0 ||| qw: Allow faded altars: false
     0 | D:1      | 0 ||| qw: Do Orc after clearing Dungeon:15 true
     0 | D:1      | 0 ||| qw: Do second Lair branch before Depths: true
     0 | D:1      | 0 ||| qw: Lair rune preference: random
     0 | D:1      | 0 ||| qw: Goals: Normal
     0 | D:1      | 0 ||| PLANNING D:1-11
   278 | D:1      | Reached XP level 2. HP: 16/16 MP: 4/4
   282 | D:1      | Reached skill level 6 in Ranged Weapons
   700 | D:1      | 700 ||| DROPPING scarf of invisibility.
   701 | D:1      | 701 ||| DRINKING 2 white potions.
   702 | D:1      | 702 ||| DROPPING scroll of butterflies.
   787 | D:2      | Reached XP level 3. HP: 17/20 MP: 5/5
   787 | D:2      | 787 ||| FLEEEEING.
   788 | D:2      | 788 ||| FLEEEEING.
   790 | D:2      | 790 ||| FLEEEEING.
   791 | D:2      | 791 ||| FLEEEEING.
   792 | D:2      | 792 ||| FLEEEEING.
   889 | D:2      | 889 ||| FLEEEEING.
   891 | D:2      | 891 ||| FLEEEEING.
   892 | D:2      | 892 ||| FLEEEEING.
   893 | D:2      | 893 ||| FLEEEEING.
   997 | D:2      | Reached skill level 7 in Ranged Weapons
  1039 | D:2      | Identified the +8 hand axe "Dragon's Tongue" {vamp, ^Drain
                  | rElec Int+3}
  1634 | D:2      | 1634 ||| UPGRADING to +0 scale mail.
  1644 | D:2      | 1644 ||| DROPPING +0 leather armour.
  1645 | D:2      | 1645 ||| UPGRADING to +0 ring mail.
  1655 | D:2      | 1655 ||| DROPPING +0 scale mail.
  1656 | D:2      | 1656 ||| READING scroll labelled AGESHO KUPRI.
  1757 | D:2      | 1757 ||| READING scroll labelled SEAZEMM TATEAVOI.
  1757 | D:2      | 1757 ||| ENCHANTING +0 ring mail.
  1758 | D:2      | 1758 ||| READING 2 scrolls labelled RYIQUL LITI.
  1762 | D:2      | 1762 ||| DRINKING 3 clear potions.
  1792 | D:3      | Reached XP level 4. HP: 25/25 MP: 6/6
  1792 | D:3      | Noticed Terence
  1799 | D:3      | Killed Terence
  1821 | D:3      | Identified the +4 short sword of Distant Worlds {venom,
                  | *Corrode rPois Dex+2}
  1863 | D:3      | Reached skill level 8 in Ranged Weapons
  1996 | D:3      | Found a faded altar of an unknown god.
  2021 | D:3      | Found a sparkling altar of Nemelex Xobeh.
  2037 | D:3      | Found Qeram's Armour Shop.
  2267 | D:3      | 2267 ||| UPGRADING to +0 helmet.
  2272 | D:3      | 2272 ||| READING scroll labelled LURCHEUDDIBBA.
  2272 | D:3      | 2272 ||| IDENTIFYING black potion
  2273 | D:3      | 2273 ||| READING scroll labelled TACHOBBUHY.
  2374 | D:3      | 2374 ||| READING scroll labelled PIUFFOI ISIBI.
  2418 | D:4      | Found a staircase to the Ecumenical Temple.
  2418 | D:4      | Noticed Ijyb
  2419 | D:4      | 2419 ||| PLANNING TEMPLE
  2419 | D:4      | 2419 ||| DRINKING puce potion.
  2420 | D:4      | 2420 ||| DRINKING pink potion.
  2421 | D:4      | 2421 ||| DRINKING ruby potion.
  2434 | D:4      | Reached XP level 5. HP: 19/29 MP: 7/7
  2449 | D:4      | Killed Ijyb
  2523 | Temple   | Entered the Ecumenical Temple
  2524 | Temple   | 2524 ||| PLANNING D:1-11
  2564 | D:4      | Reached skill level 9 in Ranged Weapons
  2874 | D:4      | Found a snail-covered altar of Cheibriados.
  2884 | D:4      | HP: 5/29 [scorpion (4)]
  2885 | D:4      | 2885 ||| READING 2 scrolls of teleportation.
  2885 | D:4      | Succumbed to a scorpion's poison

Levels and vault maps discovered:
D:1:      wheals_arrival_shading, layout_loops_ring, dk_noncrumbling_3
D:2:      wander_river, layout_loops_cross, kennysheep_generic_room_3
D:3:      layout_rooms, nemelex_diamond_rough_becter, basic_ecumenical_altar,
          serial_shops, shop, minmay_goblin_outpost, uniq_terence
D:4:      layout_loops_ring, mainiacjoe_overflow_24_doors,
          minmay_temple_entry_waves, ebering_ghost_reflecting_pool, uniq_ijyb
Temple:   nicolae_temple_ecumenical_triangle

Skill      XL: |  1  2  3  4  5 |
---------------+----------------+-----
Ranged Weapons | 6 7 8 9 |  9.0
Fighting       | |  1.6
Dodging        | |  2.4
Stealth        | |  1.2

Action                     |  1- 3 |  4- 6 || total
---------------------------+-------+-------++-------
   Fire: Shortbow          |   166 |   118 ||   284
    Use: Potion            |     2 |     3 ||     5
         Scroll            |     3 |     4 ||     7
 Armour: Leather armour    |    55 |       ||    55
         Ring mail         |       |    48 ||    48
  Dodge: Dodged            |    63 |    57 ||   120

Table legend:
 A = Non-vault XP
 B = Vault XP
 C = Vault XP percentage of total XP
 D = Non-vault monster count
 E = Vault monster count
 F = Vault count percentage of total count
                 A         B        C        D         E       F
            +---------+---------+-------+---------+---------+-------
      Total |     194 |      86 |  30.7 |      63 |      12 |  16.0
            +---------+---------+-------+---------+---------+-------
        D:1 |      38 |       0 |   0.0 |      22 |       0 |   0.0
        D:2 |      51 |       4 |   7.3 |      21 |       2 |   8.7
        D:3 |      47 |      46 |  49.5 |      14 |       9 |  39.1
        D:4 |      58 |      36 |  38.3 |       6 |       1 |  14.3
            +---------+---------+-------+---------+---------+-------
